 Dungeon Crawl Stone Soup version 0.30.0-17-ge0270778cf (webtiles) character file.

Game seed: 1987201790017485542

22 zazu2006 the Magician (level 2, -1/22 HPs)
             Began as a Naga Hedge Wizard on May 21, 2023.
             Frozen to death by an endoplasm (5 damage)
             ... on level 2 of the Dungeon.
             The game lasted 00:01:43 (912 turns).

zazu2006 the Magician (Naga Hedge Wizard)            Turns: 912, Time: 00:01:44

Health: -1/22      AC:  3    Str: 12    XL:     2   Next: 91%
Magic:  2/6        EV:  9    Int: 14    God:
Gold:   33         SH:  0    Dex: 10    Spells: 7/8 levels left

rFire   . . .        j - staff of poison
rCold   . . .        (no shield)
rNeg    . . .        b - +0 robe
rPois   +            c - +0 hat
rElec   .            (no cloak)
rCorr   .            h - +1 pair of gloves
SInv    +            (no barding)
Will    .....        (no amulet)
Stlth   ++           (no ring)
HPRegen 0.23/turn    (no ring)
MPRegen 0.10/turn

%: no passive effects
@: very slow
A: AC +0, large, see invisible, deformed body, poison resistance, slowness 2,
spit poison 1, naga tail 1
a: Spit Poison


You were on level 2 of the Dungeon.
You visited 1 branch of the dungeon, and saw 2 of its levels.

You collected 33 gold pieces.

Inventory:

Hand Weapons
 a - a +0 dagger
Armour
 b - a +0 robe (worn)
 c - a +0 hat (worn)
 h - a +1 pair of gloves (worn)
Magical Staves
 j - a staff of poison (weapon)
Scrolls
 e - a scroll of enchant weapon {unknown}
 i - a scroll of immolation {unknown}
Potions
 d - a potion of magic
 f - a potion of berserk rage {unknown}
 g - a potion of curing


   Skills:
 + Level 0.1 Fighting
 + Level 0.2 Staves
 + Level 1.6 Dodging
 + Level 3.3 Stealth
 + Level 3.7 Spellcasting
 + Level 1.0 Conjurations
 + Level 1.0 Summonings
 + Level 1.0 Translocations


You had 7 spell levels left.
You knew the following spells:

 Your Spells              Type           Power      Damage    Failure   Level
a - Magic Dart            Conj           20%        1d4       13%         1

Your spell library contained the following spells:

 Spells                   Type           Power      Damage    Failure   Level
 Slow                     Hex            8%         N/A       21%         1
 Blink                    Tloc           10%        N/A       21%         2
 Call Imp                 Summ           10%        N/A       21%         2
 Cigotuvi's Dreadful Rot  Necr/Pois/Air  6%         N/A       30%         2
 Mephitic Cloud           Conj/Pois/Air  5%         N/A       45%         3


Dungeon Overview and Level Annotations

Branches:
Dungeon (2/15)

Altars:


Innate Abilities, Weirdness & Mutations

Your serpentine skin is tough. (AC +0)
You have supernaturally acute eyesight. (SInv)
Armour fits poorly on your strangely shaped body.
Your system is resistant to poisons. (rPois)
You cover ground very slowly.
You can spit poison.
You have a snake-like lower body.


Message History

The kobold attacks as you move away! The kobold hits you with a +0 whip.
* * * LOW HITPOINT WARNING * * *
The kobold hits you with a +0 whip.
* * * LOW HITPOINT WARNING * * *
The kobold throws a stone.
The stone hits you but does no damage.
Aiming: Spit Poison (2% risk of failure)
Press: ? - help, Shift-Dir - straight line, f/p - kobold
Aim: a kobold, wielding a +0 whip and quivering stones (severely wounded, 50% to hit)
The splash of poison hits the kobold.
You kill the kobold!
The kobold throws a stone.
The stone barely misses you.
Casting: Magic Dart (safe; 13% risk of failure)
Confirm with . or Enter, or press ? or * to list all spells.
Aiming: Magic Dart (safe; 13% risk of failure)
Press: ? - help, Shift-Dir - straight line, f/p - kobold
Aim: a kobold, wielding a +0 whip and quivering stones (severely wounded, 100% to hit)
The magic dart hits the kobold.
You kill the kobold!
Unknown command.
It was a potion of curing.
You feel better. The endoplasm barely misses you.
You hit the endoplasm.
The endoplasm is moderately wounded.
The endoplasm barely misses you.
You hit the endoplasm but do no damage.
The endoplasm is moderately wounded.
The endoplasm hits you.
You barely miss the endoplasm.
The endoplasm is lightly wounded.
You have got your breath back.
The endoplasm barely misses you. x2
You barely miss the endoplasm.
The endoplasm is lightly wounded.
The endoplasm freezes you.
You are frozen.
* * * LOW HITPOINT WARNING * * *
You completely miss the endoplasm.
The endoplasm is lightly wounded.
The endoplasm freezes you.
You are frozen.
You die...

#.... #....P.....
.#.#.# #P.....P...
..... #...[.....
..K. #...K.....
##$.. ..P...#.#
##.... #
...P#.####.....
#.#####P##.#.†$.....
#..@J).......###.##.
#####.#####.###..##.
#.# ...# #..##< #.#
#.### ...##. #.....
....... ####.
.$.....g ..
#.##..... ## .....
......


You could see an endoplasm.

Vanquished Creatures
  2 dart slugs
  A ball python (D:1)
  2 bats
  2 endoplasms (D:1)
  2 hobgoblins (D:2)
  A quokka (D:2)
  A frilled lizard (D:2)
  4 kobolds
  2 rats
17 creatures vanquished.

Notes
Turn   | Place    | Note
-------+----------+-------------------------------------------
     0 | D:1      | zazu2006 the Naga Hedge Wizard began the quest for the Orb.
     0 | D:1      | Reached XP level 1. HP: 15/15 MP: 4/4
   286 | D:1      | Reached XP level 2. HP: 22/22 MP: 3/6
   903 | D:2      | HP: 1/22 [kobold/+0 whip (4)]
   912 | D:2      | Frozen to death by an endoplasm

Illustrated notes

Levels and vault maps discovered:
D:1:      minmay_arrival_wavy_path, layout_loops_ring
D:2:      cheibrodos_old_hovel, layout_rooms, uniq_crazy_yiuf_cottage

Action                     || total
---------------------------++-------
  Melee: Dagger            ||     1
         Staff             ||    23
   Cast: Magic Dart        ||    28
Ability: Spit Poison       ||     9
    Use: Potion            ||     1
   Stab: Sleeping          ||     1
 Armour: Robe              ||    11
  Dodge: Dodged            ||    30
